NULL
Full Scoreboard »»

Bruins vs Lightning

Created - February 15, 2024 at 22:28

Goals
1 2 3 T
Bruins 0 4 1 5
Lightning 1 1 1 3
Shots
1 2 3 T
Bruins 6 22 8 36
Lightning 16 17 11 44

GoalsPenalties
1st period
1. Lightning , Jonathan Toews 14 (Vladislav Namestnikov 10, Victor Hedman 15) at 10:03
Mikael Backlund (BOS) for Interference (Minor) at 14:09
2nd period
2. Bruins , Blake Wheeler 20 (Patrice Bergeron 30) at 7:20 (PP)
3. Bruins , Eduard Sale 9 (Blake Wheeler 16, Patrice Bergeron 31) at 8:11
4. Lightning , Alex Tuch 18 (Alex Chiasson 4) at 12:51
5. Bruins , Mikael Backlund 10 (Taylor Hall 17, Roman Josi 20) at 15:34
6. Bruins , Mikael Backlund 11 (Taylor Hall 18) at 16:48
Jeff Carter (TBL) for Roughing (Minor) at 4:29
Erik Cernak (TBL) for Hooking (Minor) at 6:02
Zdeno Chara (BOS) for Roughing (Minor) at 9:08
3rd period
7. Bruins , Lucas Raymond 12 (Nicklas Backstrom 12) at 0:28 (PP)
8. Lightning , Jeff Carter 3 (Rafael Harvey-Pinard 9, Luke Schenn 1) at 2:45
Casey Cizikas (TBL) for Goalie Interference (Minor) at 0:22
Vladislav Namestnikov (TBL) for Fighting (Major) at 2:52
Moritz Seider (BOS) for Fighting (Major) at 2:52
Luke Schenn (TBL) for Roughing (Minor) at 15:57
Goalie Stats
Ilya Samsonov (BOS), 41 saves from 44 shots - (0.932), W, 13-11-3, 60:00 minutes
Linus Ullmark (TBL), 31 saves from 36 shots - (0.861), L, 20-9-3, 60:00 minutes
3 StarsOfficial
1 - Mikael Backlund (BOS)
2 - Blake Wheeler (BOS)
3 - Taylor Hall (BOS)
Referees : Unknown
Linesman : Unknown
Game Note
Vladislav Namestnikov and Moritz Seider fight to a draw at 2:52 of 3rd period



Team Name Goals Shots Shots Attemp Shots Blocked PIM HIT PP PK FO%
Bruins 53666169352 / 4 (50%)057%
Lightning 344811513220 / 2 (0%)243%

Bruins
Player Name POS G A P +/- PIM HIT SHT SB MP PP MP PP SHT PK MP PK SHT FO% FOT GA TA
Alexander WennbergC/LW/RW0000001014:330:4102:0000% 000
Blake WheelerLW/RW1120055018:201:5320:3100% 021
Eduard SaleLW1010002117:401:4800:0000% 100
Jaccob SlavinD0001010220:060:0001:2200% 002
Lucas RaymondLW/RW101-2021011:002:2810:0000% 010
MacKenzie WeegarD0001042321:422:1611:5510% 000
Mikael BacklundC/LW2022213116:200:0001:03029% 701
Mikael GranlundC/LW/RW0000011212:130:0600:180100% 100
Moritz SeiderD0001545020:122:4011:5500% 001
Nicklas BackstromC/RW011-2022010:572:2810:00050% 600
Nino NiederreiterLW/RW0002020015:410:2900:0000% 100
Patrice BergeronC/LW/RW0220025018:191:5320:37073% 3000
Radek FaksaC000-202009:360:0001:27060% 500
Roman JosiD0111022019:062:4010:0000% 000
Ryan O'ReillyC/LW0000013014:200:3402:00047% 1711
Taylor HallLW0222014017:022:2810:0000% 010
Tom WillanderD000-2010421:172:0502:0300% 000
Zdeno CharaD000-2240317:350:1100:4100% 001
Lightning
Player Name POS G A P +/- PIM HIT SHT SB MP PP MP PP SHT PK MP PK SHT FO% FOT GA TA
Adam FoxD0000002018:220:3701:0200% 021
Alex ChiassonLW/RW0110011110:480:4700:0700% 000
Alex TuchLW/RW1011016015:501:5100:22133% 301
Casey CizikasC/LW/RW0000222016:490:4501:29043% 2100
Dalibor DvorskyC0001001116:441:4900:48042% 1900
Duncan KeithD0000012220:341:2203:1300% 000
Erik CernakD0002213021:491:0201:2000% 001
Jakob SilfverbergC/LW/RW0000000111:580:1201:5900% 100
Jeff CarterC/RW1010212114:320:0000:0700% 000
Jonathan ToewsC101-1015014:451:2200:00089% 920
Luke SchennD011-2230216:510:2201:1800% 000
Martin NecasC/LW/RW0001053015:181:4900:00033% 300
Matt GrzelcykD000-2024419:412:3512:2700% 020
Rafael Harvey-PinardLW/RW0110011117:391:5700:0000% 000
Victor HedmanD0112015122:291:5810:3100% 000
Vladislav NamestnikovC/LW/RW011-1513015:011:2212:17050% 210
Warren FoegeleC/LW/RW0000001112:060:0002:17010% 1002
William CarrierLW000-1013013:170:0000:0000% 000

Bruins

5 vs 5 Forward
Line #Left WingCenterRight WingPHYDFOFWanted %Time %Time Play
1Eduard SalePatrice BergeronBlake Wheeler1223032%16:11
2Taylor HallMikael BacklundNino Niederreiter1223031%15:38
3Mikael GranlundRyan O'ReillyAlexander Wennberg1222522%11:08
4Lucas RaymondRadek FaksaNicklas Backstrom1221516%8:09
5 vs 5 Defense
Line #DefenseDefensePHYDFOFWanted %Time %Time Play
1Roman JosiJaccob Slavin1223532%16:18
2Moritz SeiderMacKenzie Weegar1223536%18:12
3Zdeno CharaTom Willander1223032%16:16
4Roman JosiJaccob Slavin12201%0:20
Power Play Forward
Line #Left WingCenterRight WingPHYDFOFWanted %Time %Time Play
1Eduard SalePatrice BergeronBlake Wheeler1225044%2:11
2Taylor HallNicklas BackstromLucas Raymond1225056%2:45
Power Play Defense
Line #DefenseDefensePHYDFOFWanted %Time %Time Play
1Moritz SeiderRoman Josi1225054%2:40
2Tom WillanderMacKenzie Weegar1225046%2:16
Penalty Kill 4 Players Forward
Line #CenterWingPHYDFOFWanted %Time %Time Play
1Ryan O'ReillyAlexander Wennberg1225063%2:31
2Radek FaksaMikael Backlund1225037%1:27
Penalty Kill 4 Players Defense
Line #DefenseDefensePHYDFOFWanted %Time %Time Play
1Zdeno CharaJaccob Slavin1225052%2:03
2Moritz SeiderMacKenzie Weegar1225048%1:55
Penalty Kill 3 Players
Line #WingPHYDFOFWanted %Time %Time PlayDefenseDefensePHYDFOFWanted %Time %Time Play
1Patrice Bergeron122500%0:00 Roman JosiJaccob Slavin122500%0:00
2Ryan O'Reilly122500%0:00 Moritz SeiderZdeno Chara122500%0:00
4 vs 4 Forward
Line #CenterWingPHYDFOFWanted %Time %Time Play
1Nicklas BackstromLucas Raymond122500%0:00
2Ryan O'ReillyMikael Granlund122500%0:00
4 vs 4 Defense
Line #DefensePHYDFOFWanted %Time %Time Play
1Zdeno CharaMoritz Seider122500%0:00
2MacKenzie WeegarTom Willander122500%0:00
Last Minutes Offensive
Left WingCenterRight WingDefenseDefense
Eduard SalePatrice BergeronBlake WheelerRoman JosiMoritz Seider
Last Minutes Defensive
Left WingCenterRight WingDefenseDefense
Ryan O'ReillyPatrice BergeronMikael BacklundMacKenzie WeegarJaccob Slavin
Time
Total ForwardTotal DefenseLast Minutes OffensiveLast Minutes Defensive
60:00 60:00 0:000:00
Extra Forwards
Normal PowerPlayPenalty Kill
Lucas Raymond, Nicklas Backstrom, Ryan O'ReillyRyan O'Reilly, Nino NiederreiterPatrice Bergeron
Extra Defensemen
Normal PowerPlayPenalty Kill
Zdeno Chara, Tom Willander, Moritz SeiderZdeno Chara, Tom WillanderMoritz Seider
Penalty Shots
Lucas Raymond, Taylor Hall, Mikael Backlund, Nicklas Backstrom, Roman Josi
Goalie
Ilya Samsonov, David Rittich
Custom OT Lines Forwards
Patrice Bergeron, Blake Wheeler, Mikael Backlund, Taylor Hall, Ryan O'Reilly, Alexander Wennberg, Nino Niederreiter, Mikael Granlund, Nicklas Backstrom, Lucas Raymond
Custom OT Lines Defensemen
Roman Josi, Jaccob Slavin, Moritz Seider, MacKenzie Weegar, Zdeno Chara
Scratches
Jaden Lipinski (Healthy), Aiden Fink (Healthy), Derek Ryan (Healthy), Nate Schmidt (Healthy), Joey Daccord (Healthy)

Lightning

5 vs 5 Forward
Line #Left WingCenterRight WingPHYDFOFWanted %Time %Time Play
1Alex TuchDalibor DvorskyMartin Necas1223028%14:04
2William CarrierJonathan ToewsVladislav Namestnikov1223026%13:14
3Rafael Harvey-PinardCasey CizikasJeff Carter1223029%14:46
4Alex ChiassonWarren FoegeleJakob Silfverberg1221018%9:02
5 vs 5 Defense
Line #DefenseDefensePHYDFOFWanted %Time %Time Play
1Victor HedmanErik Cernak1223539%20:00
2Adam FoxDuncan Keith1223532%16:31
3Matt GrzelcykLuke Schenn1223029%14:35
4Adam FoxMatt Grzelcyk12200%0:00
Power Play Forward
Line #Left WingCenterRight WingPHYDFOFWanted %Time %Time Play
1Alex TuchDalibor DvorskyMartin Necas1225066%2:36
2Vladislav NamestnikovJonathan ToewsRafael Harvey-Pinard1225034%1:22
Power Play Defense
Line #DefenseDefensePHYDFOFWanted %Time %Time Play
1Adam FoxVictor Hedman1225050%1:58
2Matt GrzelcykDuncan Keith1225050%2:00
Penalty Kill 4 Players Forward
Line #CenterWingPHYDFOFWanted %Time %Time Play
1Casey CizikasJakob Silfverberg1225049%2:13
2Warren FoegeleVladislav Namestnikov1225051%2:17
Penalty Kill 4 Players Defense
Line #DefenseDefensePHYDFOFWanted %Time %Time Play
1Luke SchennErik Cernak1225046%2:03
2Matt GrzelcykDuncan Keith1225054%2:27
Penalty Kill 3 Players
Line #WingPHYDFOFWanted %Time %Time PlayDefenseDefensePHYDFOFWanted %Time %Time Play
1Alex Tuch1225058%0:15 Adam FoxVictor Hedman12250100%0:26
2Casey Cizikas1225042%0:11 Erik CernakDuncan Keith122500%0:00
4 vs 4 Forward
Line #CenterWingPHYDFOFWanted %Time %Time Play
1Jonathan ToewsAlex Tuch122500%0:00
2Dalibor DvorskyMartin Necas122500%0:00
4 vs 4 Defense
Line #DefensePHYDFOFWanted %Time %Time Play
1Adam FoxVictor Hedman122500%0:00
2Erik CernakDuncan Keith122500%0:00
Last Minutes Offensive
Left WingCenterRight WingDefenseDefense
Alex TuchDalibor DvorskyMartin NecasAdam FoxVictor Hedman
Last Minutes Defensive
Left WingCenterRight WingDefenseDefense
Alex TuchJonathan ToewsMartin NecasAdam FoxVictor Hedman
Time
Total ForwardTotal DefenseLast Minutes OffensiveLast Minutes Defensive
60:00 60:00 0:000:00
Extra Forwards
Normal PowerPlayPenalty Kill
Dalibor Dvorsky, Rafael Harvey-Pinard, Warren FoegeleDalibor Dvorsky, Rafael Harvey-PinardWarren Foegele
Extra Defensemen
Normal PowerPlayPenalty Kill
Matt Grzelcyk, Luke Schenn, Erik CernakMatt Grzelcyk, Luke SchennErik Cernak
Penalty Shots
Alex Tuch, Martin Necas, Jonathan Toews, Dalibor Dvorsky, Jeff Carter
Goalie
Linus Ullmark, Jack Campbell
Custom OT Lines Forwards
Alex Tuch, Dalibor Dvorsky, Martin Necas, Jonathan Toews, Jakob Silfverberg, William Carrier, Vladislav Namestnikov, Rafael Harvey-Pinard, Warren Foegele, Jeff Carter
Custom OT Lines Defensemen
Adam Fox, Victor Hedman, Erik Cernak, Duncan Keith, Matt Grzelcyk
Scratches
Alex Steeves (Healthy), Ben Chiarot (Healthy)


Play-by-Play

1st period


0:01 of 1st period - Patrice Bergeron wins face-off versus Dalibor Dvorsky in neutral zone.
0:30 of 1st period - Slapshot by Alex Tuch.
0:30 of 1st period - Stopped by Ilya Samsonov with a rebound.
0:45 of 1st period - Icing by Taylor Hall.
0:46 of 1st period - Casey Cizikas wins face-off versus Mikael Backlund in Bruins zone.
0:53 of 1st period - Slapshot by Adam Fox.
0:53 of 1st period - Stopped by Ilya Samsonov without a rebound.
0:54 of 1st period - Mikael Granlund wins face-off versus Casey Cizikas in Bruins zone.
0:58 of 1st period - Off-side.
0:59 of 1st period - Ryan O'Reilly wins face-off versus Jakob Silfverberg in neutral zone.
1:08 of 1st period - Alex Chiasson is hit by Moritz Seider and loses puck.
1:15 of 1st period - Moritz Seider is hit by Luke Schenn and loses puck.
1:24 of 1st period - Slapshot by Mikael Granlund.
1:24 of 1st period - Shot Misses the Net.
1:34 of 1st period - Snap shot by Ryan O'Reilly.
1:34 of 1st period - Stopped by Linus Ullmark without a rebound.
1:35 of 1st period - Jonathan Toews wins face-off versus Nicklas Backstrom in Lightning zone.
1:35 of 1st period - Adam Fox is hit by Radek Faksa and loses puck.
2:02 of 1st period - Snap shot by Casey Cizikas.
2:02 of 1st period - Shot Blocked by Tom Willander.
2:14 of 1st period - Snap shot by Lucas Raymond.
2:14 of 1st period - Deflect By Nicklas Backstrom.
2:14 of 1st period - Deflect By Rafael Harvey-Pinard.
2:14 of 1st period - Shot Blocked by Jeff Carter.
2:14 of 1st period - Puck is out of play.
2:15 of 1st period - Patrice Bergeron wins face-off versus Martin Necas in Lightning zone.
2:22 of 1st period - Snap shot by Blake Wheeler.
2:22 of 1st period - Stopped by Linus Ullmark without a rebound.
2:23 of 1st period - Dalibor Dvorsky wins face-off versus Patrice Bergeron in Lightning zone.
2:23 of 1st period - Dalibor Dvorsky is hit by Blake Wheeler.
2:33 of 1st period - Wrist shot by Martin Necas.
2:33 of 1st period - Deflect By Alex Tuch.
2:33 of 1st period - Shot Misses the Net.
2:33 of 1st period - Puck is out of play.
2:34 of 1st period - Jonathan Toews wins face-off versus Nino Niederreiter in Bruins zone.
3:46 of 1st period - Icing by Warren Foegele.
3:47 of 1st period - Radek Faksa wins face-off versus Warren Foegele in Lightning zone.
4:06 of 1st period - Slapshot by Victor Hedman.
4:06 of 1st period - Stopped by Ilya Samsonov with a rebound.
4:12 of 1st period - Slapshot by Victor Hedman.
4:12 of 1st period - Shot Misses the Net.
4:14 of 1st period - Slapshot by Warren Foegele.
4:14 of 1st period - Shot Blocked by Jaccob Slavin.
4:16 of 1st period - Wrist shot by Warren Foegele.
4:16 of 1st period - Shot Blocked by Jaccob Slavin.
4:18 of 1st period - Snap shot by Erik Cernak.
4:18 of 1st period - Stopped by Ilya Samsonov without a rebound.
4:19 of 1st period - Mikael Backlund wins face-off versus Vladislav Namestnikov in Bruins zone.
4:44 of 1st period - Dalibor Dvorsky is hit by MacKenzie Weegar and loses puck.
4:52 of 1st period - Eduard Sale is hit by Martin Necas and loses puck.
5:54 of 1st period - Wrist shot by Victor Hedman.
5:54 of 1st period - Deflect By Jonathan Toews.
5:54 of 1st period - Shot Misses the Net.
5:54 of 1st period - Puck is out of play.
5:55 of 1st period - Patrice Bergeron wins face-off versus Martin Necas in Bruins zone.
5:55 of 1st period - Patrice Bergeron is hit by Martin Necas.
6:05 of 1st period - Duncan Keith is hit by Patrice Bergeron and loses puck.
6:22 of 1st period - Roman Josi is hit by Jeff Carter and loses puck.
6:51 of 1st period - Slapshot by Mikael Backlund.
6:51 of 1st period - Shot Blocked by Jakob Silfverberg.
7:07 of 1st period - Wrist shot by William Carrier.
7:07 of 1st period - Stopped by Ilya Samsonov with a rebound.
7:09 of 1st period - Slapshot by William Carrier.
7:09 of 1st period - Stopped by Ilya Samsonov with a rebound.
7:11 of 1st period - Wrist shot by Victor Hedman.
7:11 of 1st period - Stopped by Ilya Samsonov with a rebound.
7:13 of 1st period - Slapshot by Vladislav Namestnikov.
7:13 of 1st period - Stopped by Ilya Samsonov with a rebound.
7:43 of 1st period - Wrist shot by Taylor Hall.
7:43 of 1st period - Deflect By Mikael Backlund.
7:43 of 1st period - Shot Misses the Net.
7:43 of 1st period - Puck is out of play.
7:44 of 1st period - Patrice Bergeron wins face-off versus Dalibor Dvorsky in Lightning zone.
8:09 of 1st period - Adam Fox is hit by Radek Faksa and loses puck.
8:34 of 1st period - Snap shot by Ryan O'Reilly.
8:34 of 1st period - Stopped by Linus Ullmark without a rebound.
8:35 of 1st period - Jonathan Toews wins face-off versus Ryan O'Reilly in Lightning zone.
9:00 of 1st period - Matt Grzelcyk is hit by Zdeno Chara and loses puck.
9:27 of 1st period - Wrist shot by Jonathan Toews.
9:27 of 1st period - Shot Hit the Post.
9:53 of 1st period - Wrist shot by Jonathan Toews.
9:53 of 1st period - Shot Misses the Net.
10:01 of 1st period - Snap shot by Vladislav Namestnikov.
10:01 of 1st period - Stopped by Ilya Samsonov with a rebound.
10:03 of 1st period - Slapshot by Jonathan Toews.
10:03 of 1st period - Goal by Jonathan Toews - Bruins : 0 - Lightning : 1.
10:04 of 1st period - Patrice Bergeron wins face-off versus Casey Cizikas in neutral zone.
10:07 of 1st period - Backhand shot by Patrice Bergeron.
10:07 of 1st period - Stopped by Linus Ullmark without a rebound.
10:08 of 1st period - Patrice Bergeron wins face-off versus Casey Cizikas in Lightning zone.
10:17 of 1st period - Backhand shot by Matt Grzelcyk.
10:17 of 1st period - Stopped by Ilya Samsonov with a rebound.
10:30 of 1st period - Icing by Moritz Seider.
10:31 of 1st period - Dalibor Dvorsky wins face-off versus Ryan O'Reilly in Bruins zone.
10:38 of 1st period - Snap shot by Alex Tuch.
10:38 of 1st period - Deflect By Martin Necas.
10:38 of 1st period - Stopped by Ilya Samsonov with a rebound.
10:40 of 1st period - Slapshot by Adam Fox.
10:40 of 1st period - Deflect By Alex Tuch.
10:40 of 1st period - Shot Blocked by MacKenzie Weegar.
10:40 of 1st period - Puck is out of play.
10:41 of 1st period - Patrice Bergeron wins face-off versus Casey Cizikas in Bruins zone.
12:34 of 1st period - Wrist shot by Taylor Hall.
12:34 of 1st period - Shot Misses the Net.
12:44 of 1st period - Snap shot by Jonathan Toews.
12:44 of 1st period - Shot Misses the Net.
12:54 of 1st period - Wrist shot by Jonathan Toews.
12:54 of 1st period - Stopped by Ilya Samsonov with a rebound.
13:28 of 1st period - Backhand shot by Jonathan Toews.
13:28 of 1st period - Deflect By Mikael Backlund.
13:28 of 1st period - Stopped by Ilya Samsonov with a rebound.
13:52 of 1st period - Snap shot by Jonathan Toews.
13:52 of 1st period - Stopped by Ilya Samsonov with a rebound.
14:09 of 1st period - Minor Penalty to Mikael Backlund for Interference.
14:10 of 1st period - Ryan O'Reilly wins face-off versus Dalibor Dvorsky in Bruins zone.
14:20 of 1st period - Snap shot by Ryan O'Reilly.
14:20 of 1st period - Shot Blocked by Matt Grzelcyk.
14:22 of 1st period - Slapshot by MacKenzie Weegar.
14:22 of 1st period - Stopped by Linus Ullmark with a rebound.
14:54 of 1st period - Rafael Harvey-Pinard is hit by Patrice Bergeron.
14:58 of 1st period - Slapshot by Victor Hedman.
14:58 of 1st period - Stopped by Ilya Samsonov without a rebound.
14:59 of 1st period - Patrice Bergeron wins face-off versus Dalibor Dvorsky in Bruins zone.
16:09 of 1st period - Penalty to Mikael Backlund is over, Mikael Backlund is back on ice.
16:19 of 1st period - Matt Grzelcyk is hit by Moritz Seider and loses puck.
16:24 of 1st period - Slapshot by Nicklas Backstrom.
16:24 of 1st period - Stopped by Linus Ullmark with a rebound.
16:36 of 1st period - Alex Chiasson is hit by Blake Wheeler and loses puck.
16:43 of 1st period - Victor Hedman is hit by Moritz Seider and loses puck.
17:41 of 1st period - Jeff Carter is hit by Lucas Raymond and loses puck.
18:06 of 1st period - Patrice Bergeron is hit by Alex Chiasson and loses puck.
19:18 of 1st period - Victor Hedman is hit by Nino Niederreiter.
Goals for this period are 0 for Bruins vs 1 for Lightning.
Shots for this period are 6 for Bruins vs 16 for Lightning.

2nd period


0:01 of 2nd period - Patrice Bergeron wins face-off versus Dalibor Dvorsky in neutral zone.
0:26 of 2nd period - Matt Grzelcyk is hit by MacKenzie Weegar and loses puck.
0:35 of 2nd period - Wrist shot by Ryan O'Reilly.
0:35 of 2nd period - Stopped by Linus Ullmark without a rebound.
0:36 of 2nd period - Dalibor Dvorsky wins face-off versus Mikael Backlund in Lightning zone.
0:45 of 2nd period - Snap shot by Martin Necas.
0:45 of 2nd period - Stopped by Ilya Samsonov with a rebound.
0:47 of 2nd period - Snap shot by Alex Tuch.
0:47 of 2nd period - Deflect By Dalibor Dvorsky.
0:47 of 2nd period - Stopped by Ilya Samsonov with a rebound.
0:49 of 2nd period - Slapshot by Alex Tuch.
0:49 of 2nd period - Shot Blocked by Zdeno Chara.
1:12 of 2nd period - Victor Hedman is hit by Nino Niederreiter and loses puck.
1:25 of 2nd period - Victor Hedman is hit by MacKenzie Weegar and loses puck.
1:36 of 2nd period - Wrist shot by Taylor Hall.
1:36 of 2nd period - Shot Misses the Net.
1:38 of 2nd period - Slapshot by Jaccob Slavin.
1:38 of 2nd period - Shot Blocked by Rafael Harvey-Pinard.
2:49 of 2nd period - Off-side.
2:50 of 2nd period - Casey Cizikas wins face-off versus Ryan O'Reilly in neutral zone.
2:55 of 2nd period - Snap shot by Jeff Carter.
2:55 of 2nd period - Stopped by Ilya Samsonov with a rebound.
2:57 of 2nd period - Snap shot by Casey Cizikas.
2:57 of 2nd period - Shot Misses the Net.
3:01 of 2nd period - Snap shot by Adam Fox.
3:01 of 2nd period - Stopped by Ilya Samsonov with a rebound.
3:03 of 2nd period - Slapshot by Duncan Keith.
3:03 of 2nd period - Stopped by Ilya Samsonov with a rebound.
3:43 of 2nd period - Wrist shot by Nicklas Backstrom.
3:43 of 2nd period - Shot Misses the Net.
4:29 of 2nd period - Minor Penalty to Jeff Carter for Roughing.
4:30 of 2nd period - Patrice Bergeron wins face-off versus Casey Cizikas in Lightning zone.
4:51 of 2nd period - MacKenzie Weegar is hit by Duncan Keith and loses puck.
5:16 of 2nd period - Snap shot by Nicklas Backstrom.
5:16 of 2nd period - Stopped by Linus Ullmark without a rebound.
5:17 of 2nd period - Warren Foegele wins face-off versus Nicklas Backstrom in Lightning zone.
5:28 of 2nd period - Matt Grzelcyk is hit by Lucas Raymond and loses puck.
5:35 of 2nd period - Wrist shot by Lucas Raymond.
5:35 of 2nd period - Shot Misses the Net.
5:37 of 2nd period - Snap shot by Moritz Seider.
5:37 of 2nd period - Deflect By Matt Grzelcyk.
5:37 of 2nd period - Stopped by Linus Ullmark with a rebound.
5:45 of 2nd period - Backhand shot by Taylor Hall.
5:45 of 2nd period - Stopped by Linus Ullmark without a rebound.
5:46 of 2nd period - Patrice Bergeron wins face-off versus Casey Cizikas in Lightning zone.
6:02 of 2nd period - Minor Penalty to Erik Cernak for Hooking.
6:03 of 2nd period - Nicklas Backstrom wins face-off versus Alex Tuch in Lightning zone.
6:28 of 2nd period - MacKenzie Weegar is hit by Alex Tuch and loses puck.
6:29 of 2nd period - Penalty to Jeff Carter is over, Jeff Carter is back on ice.
6:35 of 2nd period - Backhand shot by Alex Tuch.
6:35 of 2nd period - Stopped by Ilya Samsonov without a rebound.
6:36 of 2nd period - Nicklas Backstrom wins face-off versus Warren Foegele in Bruins zone.
7:06 of 2nd period - Snap shot by Roman Josi.
7:06 of 2nd period - Stopped by Linus Ullmark without a rebound.
7:07 of 2nd period - Patrice Bergeron wins face-off versus Warren Foegele in Lightning zone.
7:10 of 2nd period - Snap shot by Blake Wheeler.
7:10 of 2nd period - Stopped by Linus Ullmark with a rebound.
7:12 of 2nd period - Slapshot by MacKenzie Weegar.
7:12 of 2nd period - Stopped by Linus Ullmark with a rebound.
7:14 of 2nd period - Snap shot by Patrice Bergeron.
7:14 of 2nd period - Stopped by Linus Ullmark with a rebound.
7:16 of 2nd period - Slapshot by Patrice Bergeron.
7:16 of 2nd period - Stopped by Linus Ullmark without a rebound.
7:17 of 2nd period - Patrice Bergeron wins face-off versus Casey Cizikas in Lightning zone.
7:20 of 2nd period - Wrist shot by Blake Wheeler.
7:20 of 2nd period - Goal by Blake Wheeler - Bruins : 1 - Lightning : 1.
7:21 of 2nd period - Patrice Bergeron wins face-off versus Alex Tuch in neutral zone.
7:59 of 2nd period - Off-side.
8:00 of 2nd period - Jonathan Toews wins face-off versus Patrice Bergeron in neutral zone.
8:09 of 2nd period - Snap shot by Blake Wheeler.
8:09 of 2nd period - Shot Misses the Net.
8:11 of 2nd period - Slapshot by Eduard Sale.
8:11 of 2nd period - Goal by Eduard Sale - Bruins : 2 - Lightning : 1.
8:12 of 2nd period - Martin Necas wins face-off versus Eduard Sale in neutral zone.
8:25 of 2nd period - Snap shot by Patrice Bergeron.
8:25 of 2nd period - Stopped by Linus Ullmark without a rebound.
8:26 of 2nd period - Casey Cizikas wins face-off versus Ryan O'Reilly in Lightning zone.
8:52 of 2nd period - Dalibor Dvorsky is hit by Moritz Seider and loses puck.
8:59 of 2nd period - Slapshot by Luke Schenn.
8:59 of 2nd period - Deflect By Alex Tuch.
8:59 of 2nd period - Shot Hit the Post.
8:59 of 2nd period - Puck is out of play.
9:00 of 2nd period - Patrice Bergeron wins face-off versus Dalibor Dvorsky in Bruins zone.
9:08 of 2nd period - Minor Penalty to Zdeno Chara for Roughing.
9:09 of 2nd period - Radek Faksa wins face-off versus Jonathan Toews in Bruins zone.
9:17 of 2nd period - Snap shot by Matt Grzelcyk.
9:17 of 2nd period - Stopped by Ilya Samsonov without a rebound.
9:18 of 2nd period - Jonathan Toews wins face-off versus Radek Faksa in Bruins zone.
9:55 of 2nd period - Tom Willander is hit by Vladislav Namestnikov and loses puck.
10:22 of 2nd period - Snap shot by Jonathan Toews.
10:22 of 2nd period - Shot Misses the Net.
10:24 of 2nd period - Snap shot by Rafael Harvey-Pinard.
10:24 of 2nd period - Shot Blocked by Tom Willander.
10:26 of 2nd period - Wrist shot by Vladislav Namestnikov.
10:26 of 2nd period - Stopped by Ilya Samsonov with a rebound.
10:28 of 2nd period - Slapshot by Rafael Harvey-Pinard.
10:28 of 2nd period - Shot Misses the Net.
10:30 of 2nd period - Slapshot by Duncan Keith.
10:30 of 2nd period - Deflect By Vladislav Namestnikov.
10:30 of 2nd period - Shot Blocked by Tom Willander.
10:30 of 2nd period - Puck is out of play.
10:31 of 2nd period - Dalibor Dvorsky wins face-off versus Radek Faksa in Bruins zone.
11:08 of 2nd period - Penalty to Zdeno Chara is over, Zdeno Chara is back on ice.
11:13 of 2nd period - Snap shot by Alex Chiasson.
11:13 of 2nd period - Stopped by Ilya Samsonov without a rebound.
11:14 of 2nd period - Patrice Bergeron wins face-off versus Warren Foegele in Bruins zone.
11:14 of 2nd period - Patrice Bergeron is hit by Matt Grzelcyk.
11:20 of 2nd period - Snap shot by Blake Wheeler.
11:20 of 2nd period - Stopped by Linus Ullmark without a rebound.
11:21 of 2nd period - Patrice Bergeron wins face-off versus Warren Foegele in Lightning zone.
11:24 of 2nd period - Wrist shot by Blake Wheeler.
11:24 of 2nd period - Shot Misses the Net.
11:26 of 2nd period - Slapshot by Jaccob Slavin.
11:26 of 2nd period - Shot Blocked by Warren Foegele.
11:32 of 2nd period - Snap shot by Blake Wheeler.
11:32 of 2nd period - Shot Blocked by Matt Grzelcyk.
11:34 of 2nd period - Snap shot by Patrice Bergeron.
11:34 of 2nd period - Stopped by Linus Ullmark with a rebound.
11:36 of 2nd period - Snap shot by Eduard Sale.
11:36 of 2nd period - Deflect By Patrice Bergeron.
11:36 of 2nd period - Shot Blocked by Alex Chiasson.
11:36 of 2nd period - Puck is out of play.
11:37 of 2nd period - Ryan O'Reilly wins face-off versus Dalibor Dvorsky in Lightning zone.
12:03 of 2nd period - Casey Cizikas is hit by Blake Wheeler and loses puck.
12:10 of 2nd period - Tom Willander is hit by Casey Cizikas and loses puck.
12:33 of 2nd period - Slapshot by Nino Niederreiter.
12:33 of 2nd period - Shot Blocked by Matt Grzelcyk.
12:49 of 2nd period - Snap shot by Alex Tuch.
12:49 of 2nd period - Stopped by Ilya Samsonov with a rebound.
12:51 of 2nd period - Wrist shot by Alex Tuch.
12:51 of 2nd period - Goal by Alex Tuch - Bruins : 2 - Lightning : 2.
12:52 of 2nd period - Patrice Bergeron wins face-off versus Dalibor Dvorsky in neutral zone.
12:55 of 2nd period - Snap shot by Patrice Bergeron.
12:55 of 2nd period - Shot Blocked by Victor Hedman.
12:57 of 2nd period - Slapshot by Roman Josi.
12:57 of 2nd period - Shot Misses the Net.
12:59 of 2nd period - Backhand shot by Eduard Sale.
12:59 of 2nd period - Stopped by Linus Ullmark with a rebound.
13:01 of 2nd period - Slapshot by Roman Josi.
13:01 of 2nd period - Stopped by Linus Ullmark with a rebound.
13:03 of 2nd period - Wrist shot by Patrice Bergeron.
13:03 of 2nd period - Deflect By Eduard Sale.
13:03 of 2nd period - Shot Blocked by Dalibor Dvorsky.
13:03 of 2nd period - Puck is out of play.
13:04 of 2nd period - Ryan O'Reilly wins face-off versus Casey Cizikas in Lightning zone.
13:15 of 2nd period - Snap shot by Alexander Wennberg.
13:15 of 2nd period - Stopped by Linus Ullmark with a rebound.
13:17 of 2nd period - Slapshot by Moritz Seider.
13:17 of 2nd period - Stopped by Linus Ullmark without a rebound.
13:18 of 2nd period - Patrice Bergeron wins face-off versus Dalibor Dvorsky in Lightning zone.
13:28 of 2nd period - Slapshot by Erik Cernak.
13:28 of 2nd period - Stopped by Ilya Samsonov without a rebound.
13:29 of 2nd period - Casey Cizikas wins face-off versus Ryan O'Reilly in Bruins zone.
13:36 of 2nd period - Slapshot by Rafael Harvey-Pinard.
13:36 of 2nd period - Shot Misses the Net.
13:54 of 2nd period - Tom Willander is hit by Martin Necas and loses puck.
14:20 of 2nd period - Adam Fox is hit by Taylor Hall and loses puck.
14:41 of 2nd period - Snap shot by Warren Foegele.
14:41 of 2nd period - Stopped by Ilya Samsonov without a rebound.
14:42 of 2nd period - Casey Cizikas wins face-off versus Ryan O'Reilly in Bruins zone.
14:49 of 2nd period - Slapshot by Victor Hedman.
14:49 of 2nd period - Shot Blocked by Mikael Granlund.
14:51 of 2nd period - Snap shot by Casey Cizikas.
14:51 of 2nd period - Stopped by Ilya Samsonov with a rebound.
14:53 of 2nd period - Snap shot by Casey Cizikas.
14:53 of 2nd period - Shot Misses the Net.
14:55 of 2nd period - Wrist shot by Rafael Harvey-Pinard.
14:55 of 2nd period - Shot Misses the Net.
15:07 of 2nd period - Victor Hedman is hit by Blake Wheeler and loses puck.
15:16 of 2nd period - Slapshot by Alex Tuch.
15:16 of 2nd period - Stopped by Ilya Samsonov with a rebound.
15:30 of 2nd period - Snap shot by Roman Josi.
15:30 of 2nd period - Shot Misses the Net.
15:32 of 2nd period - Slapshot by Taylor Hall.
15:32 of 2nd period - Shot Misses the Net.
15:34 of 2nd period - Snap shot by Mikael Backlund.
15:34 of 2nd period - Goal by Mikael Backlund - Bruins : 3 - Lightning : 2.
15:35 of 2nd period - Ryan O'Reilly wins face-off versus Casey Cizikas in neutral zone.
16:48 of 2nd period - Slapshot by Mikael Backlund.
16:48 of 2nd period - Goal by Mikael Backlund - Bruins : 4 - Lightning : 2.
16:49 of 2nd period - Dalibor Dvorsky wins face-off versus Patrice Bergeron in neutral zone.
17:42 of 2nd period - Off-side.
17:43 of 2nd period - Dalibor Dvorsky wins face-off versus Patrice Bergeron in neutral zone.
17:46 of 2nd period - Blake Wheeler is hit by Martin Necas and loses puck.
18:23 of 2nd period - Slapshot by Martin Necas.
18:23 of 2nd period - Shot Misses the Net.
18:25 of 2nd period - Slapshot by Duncan Keith.
18:25 of 2nd period - Shot Misses the Net.
18:27 of 2nd period - Snap shot by Duncan Keith.
18:27 of 2nd period - Shot Blocked by Zdeno Chara.
18:29 of 2nd period - Slapshot by Duncan Keith.
18:29 of 2nd period - Stopped by Ilya Samsonov with a rebound.
18:31 of 2nd period - Snap shot by Dalibor Dvorsky.
18:31 of 2nd period - Shot Misses the Net.
18:33 of 2nd period - Wrist shot by Martin Necas.
18:33 of 2nd period - Shot Blocked by Zdeno Chara.
18:35 of 2nd period - Slapshot by Duncan Keith.
18:35 of 2nd period - Shot Blocked by Tom Willander.
18:37 of 2nd period - Snap shot by Adam Fox.
18:37 of 2nd period - Deflect By Alex Tuch.
18:37 of 2nd period - Stopped by Ilya Samsonov without a rebound.
18:38 of 2nd period - Ryan O'Reilly wins face-off versus Casey Cizikas in Bruins zone.
19:07 of 2nd period - MacKenzie Weegar is hit by Luke Schenn and loses puck.
19:28 of 2nd period - Slapshot by Moritz Seider.
19:28 of 2nd period - Stopped by Linus Ullmark with a rebound.
19:38 of 2nd period - Erik Cernak is hit by Nicklas Backstrom and loses puck.
19:55 of 2nd period - Slapshot by Taylor Hall.
19:55 of 2nd period - Stopped by Linus Ullmark without a rebound.
19:56 of 2nd period - Dalibor Dvorsky wins face-off versus Ryan O'Reilly in Lightning zone.
19:56 of 2nd period - Dalibor Dvorsky is hit by Mikael Granlund.
Goals for this period are 4 for Bruins vs 1 for Lightning.
Shots for this period are 22 for Bruins vs 17 for Lightning.

3rd period


0:01 of 3rd period - Casey Cizikas wins face-off versus Ryan O'Reilly in neutral zone.
0:08 of 3rd period - Slapshot by Jaccob Slavin.
0:08 of 3rd period - Shot Blocked by Duncan Keith.
0:14 of 3rd period - Wrist shot by Mikael Granlund.
0:14 of 3rd period - Shot Blocked by Duncan Keith.
0:16 of 3rd period - Slapshot by Mikael Granlund.
0:16 of 3rd period - Stopped by Linus Ullmark with a rebound.
0:22 of 3rd period - Minor Penalty to Casey Cizikas for Goalie Interference.
0:23 of 3rd period - Nicklas Backstrom wins face-off versus Warren Foegele in Lightning zone.
0:28 of 3rd period - Snap shot by Lucas Raymond.
0:28 of 3rd period - Deflect By Matt Grzelcyk.
0:28 of 3rd period - Goal by Lucas Raymond - Bruins : 5 - Lightning : 2.
0:29 of 3rd period - Patrice Bergeron wins face-off versus Dalibor Dvorsky in neutral zone.
0:34 of 3rd period - Alex Tuch is hit by Blake Wheeler.
0:54 of 3rd period - Roman Josi is hit by Victor Hedman and loses puck.
2:27 of 3rd period - Slapshot by Warren Foegele.
2:27 of 3rd period - Shot Misses the Net.
2:29 of 3rd period - Slapshot by Jakob Silfverberg.
2:29 of 3rd period - Deflect By Alex Chiasson.
2:29 of 3rd period - Shot Blocked by Mikael Granlund.
2:29 of 3rd period - Puck is out of play.
2:30 of 3rd period - Casey Cizikas wins face-off versus Patrice Bergeron in Bruins zone.
2:31 of 3rd period - Wrist shot by Matt Grzelcyk.
2:31 of 3rd period - Stopped by Ilya Samsonov with a rebound.
2:33 of 3rd period - Snap shot by Casey Cizikas.
2:33 of 3rd period - Stopped by Ilya Samsonov without a rebound.
2:34 of 3rd period - Casey Cizikas wins face-off versus Patrice Bergeron in Bruins zone.
2:37 of 3rd period - Slapshot by Matt Grzelcyk.
2:37 of 3rd period - Stopped by Ilya Samsonov without a rebound.
2:38 of 3rd period - Patrice Bergeron wins face-off versus Casey Cizikas in Bruins zone.
2:45 of 3rd period - Snap shot by Rafael Harvey-Pinard.
2:45 of 3rd period - Deflect By Jeff Carter.
2:45 of 3rd period - Goal by Jeff Carter - Bruins : 5 - Lightning : 3.
2:46 of 3rd period - Jonathan Toews wins face-off versus Mikael Backlund in neutral zone.
2:49 of 3rd period - Slapshot by Erik Cernak.
2:49 of 3rd period - Shot Blocked by MacKenzie Weegar.
2:51 of 3rd period - Backhand shot by Jonathan Toews.
2:51 of 3rd period - Shot Misses the Net.
2:52 of 3rd period - Vladislav Namestnikov and Moritz Seider fight to a draw.
2:52 of 3rd period - Penalty to Vladislav Namestnikov for Fighting.
2:52 of 3rd period - Penalty to Moritz Seider for Fighting.
2:53 of 3rd period - Jonathan Toews wins face-off versus Mikael Backlund in Bruins zone.
2:53 of 3rd period - Jonathan Toews is hit by Tom Willander.
4:09 of 3rd period - Snap shot by Nicklas Backstrom.
4:09 of 3rd period - Shot Misses the Net.
4:27 of 3rd period - Slapshot by Mikael Backlund.
4:27 of 3rd period - Stopped by Linus Ullmark without a rebound.
4:28 of 3rd period - Jonathan Toews wins face-off versus Patrice Bergeron in Lightning zone.
4:33 of 3rd period - Roman Josi is hit by Jonathan Toews and loses puck.
4:40 of 3rd period - Wrist shot by Jonathan Toews.
4:40 of 3rd period - Stopped by Ilya Samsonov with a rebound.
4:42 of 3rd period - Snap shot by William Carrier.
4:42 of 3rd period - Stopped by Ilya Samsonov with a rebound.
4:54 of 3rd period - Jeff Carter is hit by Roman Josi and loses puck.
5:26 of 3rd period - Icing by Jaccob Slavin.
5:27 of 3rd period - Ryan O'Reilly wins face-off versus Dalibor Dvorsky in Bruins zone.
5:27 of 3rd period - Alexander Wennberg is hit by Luke Schenn and loses puck.
5:42 of 3rd period - Slapshot by Martin Necas.
5:42 of 3rd period - Stopped by Ilya Samsonov with a rebound.
6:14 of 3rd period - Jakob Silfverberg is hit by Jaccob Slavin and loses puck.
6:19 of 3rd period - Snap shot by Taylor Hall.
6:19 of 3rd period - Stopped by Linus Ullmark without a rebound.
6:20 of 3rd period - Dalibor Dvorsky wins face-off versus Mikael Backlund in Lightning zone.
6:20 of 3rd period - Dalibor Dvorsky is hit by Zdeno Chara.
6:46 of 3rd period - Zdeno Chara is hit by Rafael Harvey-Pinard and loses puck.
7:09 of 3rd period - Alex Chiasson is hit by Zdeno Chara.
7:37 of 3rd period - Wrist shot by Ryan O'Reilly.
7:37 of 3rd period - Shot Blocked by Matt Grzelcyk.
7:39 of 3rd period - Wrist shot by Ryan O'Reilly.
7:39 of 3rd period - Shot Blocked by Luke Schenn.
7:54 of 3rd period - Snap shot by Jonathan Toews.
7:54 of 3rd period - Shot Blocked by MacKenzie Weegar.
9:03 of 3rd period - Slapshot by Moritz Seider.
9:03 of 3rd period - Stopped by Linus Ullmark without a rebound.
9:04 of 3rd period - Mikael Backlund wins face-off versus Warren Foegele in Lightning zone.
9:07 of 3rd period - Slapshot by Taylor Hall.
9:07 of 3rd period - Stopped by Linus Ullmark with a rebound.
9:17 of 3rd period - Alex Chiasson is hit by Mikael Backlund and loses puck.
9:32 of 3rd period - Snap shot by Warren Foegele.
9:32 of 3rd period - Shot Misses the Net.
9:34 of 3rd period - Snap shot by Luke Schenn.
9:34 of 3rd period - Shot Blocked by Mikael Backlund.
9:46 of 3rd period - Alex Chiasson is hit by MacKenzie Weegar and loses puck.
10:15 of 3rd period - Slapshot by Victor Hedman.
10:15 of 3rd period - Shot Misses the Net.
10:32 of 3rd period - Backhand shot by Moritz Seider.
10:32 of 3rd period - Stopped by Linus Ullmark without a rebound.
10:33 of 3rd period - Casey Cizikas wins face-off versus Patrice Bergeron in Lightning zone.
10:44 of 3rd period - Wrist shot by Blake Wheeler.
10:44 of 3rd period - Stopped by Linus Ullmark with a rebound.
11:07 of 3rd period - Jaccob Slavin is hit by Erik Cernak and loses puck.
11:41 of 3rd period - Icing by Jeff Carter.
11:42 of 3rd period - Patrice Bergeron wins face-off versus Casey Cizikas in Lightning zone.
12:11 of 3rd period - Slapshot by Victor Hedman.
12:11 of 3rd period - Stopped by Ilya Samsonov with a rebound.
12:37 of 3rd period - Blake Wheeler is hit by Casey Cizikas and loses puck.
12:42 of 3rd period - Snap shot by Victor Hedman.
12:42 of 3rd period - Stopped by Ilya Samsonov with a rebound.
12:44 of 3rd period - Snap shot by Erik Cernak.
12:44 of 3rd period - Shot Misses the Net.
12:58 of 3rd period - Slapshot by Rafael Harvey-Pinard.
12:58 of 3rd period - Stopped by Ilya Samsonov with a rebound.
13:00 of 3rd period - Slapshot by Victor Hedman.
13:00 of 3rd period - Shot Blocked by Eduard Sale.
13:02 of 3rd period - Slapshot by Erik Cernak.
13:02 of 3rd period - Stopped by Ilya Samsonov with a rebound.
13:16 of 3rd period - Jeff Carter is hit by Zdeno Chara.
14:21 of 3rd period - Off-side.
14:22 of 3rd period - Alex Tuch wins face-off versus Ryan O'Reilly in neutral zone.
14:25 of 3rd period - Mikael Granlund is hit by Matt Grzelcyk and loses puck.
14:34 of 3rd period - Backhand shot by Jaccob Slavin.
14:34 of 3rd period - Shot Blocked by Luke Schenn.
14:36 of 3rd period - Wrist shot by Jaccob Slavin.
14:36 of 3rd period - Shot Misses the Net.
14:38 of 3rd period - Wrist shot by Alexander Wennberg.
14:38 of 3rd period - Shot Misses the Net.
14:56 of 3rd period - Adam Fox is hit by Roman Josi and loses puck.
15:09 of 3rd period - Wrist shot by Lucas Raymond.
15:09 of 3rd period - Deflect By Nicklas Backstrom.
15:09 of 3rd period - Shot Hit the Post.
15:09 of 3rd period - Puck is out of play.
15:10 of 3rd period - Radek Faksa wins face-off versus Warren Foegele in Lightning zone.
15:28 of 3rd period - Icing by Matt Grzelcyk.
15:29 of 3rd period - Ryan O'Reilly wins face-off versus Warren Foegele in Lightning zone.
15:57 of 3rd period - Minor Penalty to Luke Schenn for Roughing.
15:58 of 3rd period - Vladislav Namestnikov wins face-off versus Nicklas Backstrom in Lightning zone.
16:06 of 3rd period - Matt Grzelcyk is hit by Nicklas Backstrom.
16:59 of 3rd period - Jakob Silfverberg is hit by Ryan O'Reilly and loses puck.
17:57 of 3rd period - Penalty to Luke Schenn is over, Luke Schenn is back on ice.
18:35 of 3rd period - Mikael Backlund is hit by William Carrier and loses puck.
19:54 of 3rd period - Blake Wheeler is hit by Martin Necas.
Goals for this period are 1 for Bruins vs 1 for Lightning.
Shots for this period are 8 for Bruins vs 11 for Lightning.